 Dungeon Crawl Stone Soup version 0.19-a0-276-g3ff07cd (webtiles) character file.

60 Anz the Charmwright (level 3, 0/25 HPs)
             Began as a High Elf Skald on May 26, 2016.
             Slain by a quokka (3 damage)
             ... on level 2 of the Dungeon.
             The game lasted 00:08:09 (1272 turns).

Anz the Charmwright (High Elf Skald)                Turns: 1272, Time: 00:08:10

Health: 0/25       AC:  3    Str: 11    XL:     3   Next: 80%
Magic:  5/7        EV: 12    Int: 17    God:
Gold:   87         SH:  0    Dex: 14    Spells: 3 memorised, 2 levels left

rFire  x . .     SeeInvis .     a - +0 falchion
rCold  + . .     Gourm    .     b - +0 leather armour
rNeg   . . .     Faith    .     (no shield)
rPois  .         Spirit   .     (no helmet)
rElec  .         Dismiss  .     (no cloak)
rCorr  .         Reflect  .     (no gloves)
SustAt .         Harm     .     (no boots)
MR     .....                    (no amulet)
Stlth  +.........               (no ring)
                                e - ring of ice

@: not resistant to hostile enchantments, very unstealthy
A: no striking features
a: no special abilities


You were on level 2 of the Dungeon.
You were not hungry.

You visited 1 branch of the dungeon, and saw 2 of its levels.

You collected 87 gold pieces.

Inventory:

Hand Weapons
 a - a +0 falchion (weapon)
Missiles
 i - 19 arrows
Armour
 b - a +0 leather armour (worn)
 g - a +0 plate armour
Jewellery
 e - a ring of ice (left hand)
Scrolls
 f - 3 scrolls of teleportation {unknown}
 k - a scroll of random uselessness {unknown}
 l - a scroll of identify {unknown}
Potions
 h - a potion of cure mutation {unknown}
 j - a potion of mutation {unknown}
 m - a potion of ambrosia {unknown}
 n - 3 potions of curing {unknown}
 o - a potion of beneficial mutation {unknown}
Books
 c - a book of Battle

   Spells                             Type                      Level
   a - Infusion                       Charms                       1
   b - Shroud of Golubria             Charms/Translocation         2
   c - Song of Slaying                Charms                       2
   d - Spectral Weapon                Hexes/Charms                 3
   e - Regeneration                   Charms/Necromancy            3
Comestibles
 d - 2 bread rations
 p - a royal jelly
 q - 3 chunks of flesh


   Skills:
 + Level 2.4 Fighting
 + Level 3.0 Long Blades
 + Level 1.4 Armour
 + Level 1.9 Dodging
 + Level 0.2 Stealth
 + Level 2.6 Spellcasting
 + Level 4.2 Charms


You had 2 spell levels left.
You knew the following spells:

 Your Spells              Type           Power        Failure   Level  Hunger
a - Infusion              Chrm           ###.         6%          1    #......
b - Shroud of Golubria    Chrm/Tloc      #.........   17%         2    ##.....
c - Song of Slaying       Chrm           ###.....     10%         2    ##.....


Dungeon Overview and Level Annotations

Branches:
Dungeon (2/15)

Altars:


Message History

The hobgoblin is almost dead.
The hobgoblin misses you.
Casting: Shroud of Golubria
Confirm with . or Enter, or press ? or * to list all spells.
Space distorts slightly along a thin shroud covering your body.
The hobgoblin completely misses you.
You barely miss the hobgoblin.
The hobgoblin is almost dead.
The hobgoblin barely misses you.
You barely miss the hobgoblin.
The hobgoblin is almost dead.
The hobgoblin hits you.
* * * LOW HITPOINT WARNING * * *
Your shroud falls apart!
You hit the hobgoblin.
You kill the hobgoblin!
You closely miss the quokka. The quokka closely misses you.
You closely miss the quokka. The quokka barely misses you.
The quokka bites you.
You die...

#.#.#
#.#.####.########
#.#.##...?..(r@.#
#..).....######.#
#.#.##.# #.#
#...##.## #.#
###.......## #.#
...†)..#.#.######.#
.##.#...[......##.#
###.##.#.#.###.##.#
#.###...###.#.#.#


You could see a quokka.

Vanquished Creatures
  2 adders (D:2)
  A dart slug (D:1)
  3 giant cockroaches (D:2)
  3 goblins
  10 hobgoblins
  2 quokkas (D:2)
  2 ball pythons
  5 bats
  6 giant newts
  3 kobolds (D:2)
  A rat (D:1)
38 creatures vanquished.

Notes
Turn   | Place    | Note
--------------------------------------------------------------
     0 | D:1      | Anz the High Elf Skald began the quest for the Orb.
     0 | D:1      | Reached XP level 1. HP: 14/14 MP: 4/4
    26 | D:1      | Reached skill level 1 in Armour
   319 | D:1      | Reached XP level 2. HP: 13/19 MP: 6/6
   402 | D:1      | Learned a level 2 spell: Shroud of Golubria
   405 | D:1      | Learned a level 2 spell: Song of Slaying
   492 | D:1      | Reached skill level 4 in Charms
   878 | D:2      | Reached XP level 3. HP: 8/24 MP: 3/7
  1272 | D:2      | Slain by a quokka

Vault maps used:
D:1:      dpeg_arrival_rooms_c, minmay_misc_feat_plants
D:2:      overflow_temple_1_default

Skill      XL: |  1  2  3 |
---------------+----------+-----
Armour         | 1 |  1.4
Charms         | 4 |  4.2
Long Blades    | 3 |  3.0
Fighting       | |  2.4
Dodging        | |  1.9
Stealth        | |  0.2
Spellcasting   | |  2.6

Action                   || total
-------------------------++-------
Melee: Falchion          ||   135
 Cast: Infusion          ||     4
       Shroud of Golubri ||     8
 Stab: Sleeping          ||     1
  Eat: Chunk             ||     2
Armor: Plate armour      ||    31
       Leather armour    ||    34
Dodge: Dodged            ||    81
